[Event "Israeli Team-ch 2023"]
[Site "Petah Tikva"]
[Date "2023.02.10"]
[Round "7.21"]
[White "Mesropov, Konstantin"]
[Black "Mikhalevski, Victor"]
[Result "0-1"]
[ECO "C58"]
[WhiteElo "2437"]
[BlackElo "2516"]
[Annotator "TA"]
[PlyCount "98"]
[EventDate "2023.01.13"]
[EventCountry "ISR"]
[SourceTitle "playchess.com"]
[Source "ChessBase"]
[SourceQuality "1"]
[TimeControl "40/5400+30:1800+30"]

1. e4 e5 2. Nf3 Nc6 3. Bc4 Nf6 4. Ng5 d5 5. exd5 Na5 6. Bb5+ c6 7. dxc6 bxc6 8. Bd3 Nd5 {[%emt 0:00:40] C58: Two Knights: 4 Ng5 d5 5 exd5 Na5 sidelines.} 9. h4 ({And not} 9. Qh5 g6 10. Nxf7 gxh5 $17) 9... Be7 {[%emt 0:09:25] 9...Qc7 is setting a new trend.} 10. Nc3 (10. Qf3 $14 Nf6 11. Nc3) 10... Nf4 {[%emt 0:23:47] The position is equal.} (10... h6 $5 11. Nf3 Bd6 $11) 11. Bf1 {[%emt 0:01:19][%cal Od2d4] [#]} f6 $146 ({Predecessor:} 11... h6 12. Nf3 Bg4 13. d3 O-O 14. g3 Ne6 15. Be2 Bd6 16. h5 Rb8 17. Nh4 Bxe2 18. Nxe2 {1-0 Fedoseev,V (2687)-Deepan Chakkravarthy,J (2535) Titled Tuesday intern op 09th Feb blitz 2021 (3)}) 12. Nf3 c5 13. d3 Ne6 14. Be2 Bb7 15. Ne4 O-O 16. c3 Qd7 {[%emt 0:05:52][%mdl 1024] Black has compensation.} 17. Qc2 Rac8 18. b3 h6 19. h5 f5 20. Nxe5 Qc7 (20... Qd5 $5 21. Ng6 Rfe8 $11) 21. Ng6 fxe4 22. Bg4 (22. dxe4 $11 {keeps the balance.} Rfe8 23. Bg4) 22... Rf6 $17 23. dxe4 Re8 $36 {[%emt 0:01:27][%mdl 2048] Black is really pushing.} 24. O-O Nf8 ({Black should try} 24... Bd6 $17 {...Nc6 would be deadly.} 25. Bf5 Nf8) 25. f4 $2 {[%emt 0:02:01] Black converts the advantage convincingly.} (25. e5 $1 $11 {and White has nothing to worry.} Rxg6 26. hxg6 Qxe5 27. Qf5) 25... Nxg6 $19 26. hxg6 c4 ({Inferior is} 26... Rxg6 27. Bh5 Qb6 28. Be3 $17) 27. e5 Bc5+ 28. Kh2 (28. Kh1 {was forced.} Rxe5 {[%mdl 64] Pin} 29. Ba3) 28... Rxe5 29. b4 Rg5 30. Bh3 Rfxg6 {[%emt 0:14:07][%cal Ob7g2] [#] Threatens to win with ...Bxg2!} 31. bxc5 {[%emt 0:00:10] Rf2 is the strong threat.} Bxg2 32. Bxg2 Rxg2+ 33. Qxg2 Rxg2+ 34. Kxg2 Qxc5 35. Rf3 Nc6 36. Be3 Qd5 37. Re1 Ne7 38. Bxa7 Ng6 39. Kg3 {[%emt 0:01:04] Inhibits Nh4.} Nh4 {[%emt 0:00:00][%mdl 64] [#] Deflection} (39... Qh5 $2 40. Ref1 $19) 40. Rf2 (40. Ref1 {is tougher.} Nxf3 41. Rxf3) 40... Nf5+ ({Don't blunder} 40... Qh5 $2 41. Bd4 $19) 41. Kh2 Qa5 42. Bb8 Qxc3 43. Re8+ Kf7 44. Rfe2 Qg3+ 45. Kh1 c3 {[%emt 0:00:13][%cal Bc4c3,Bc3c2][%mdl 32] Hoping for ...Qd3.} 46. R8e5 Qd3 (46... Qxf4 $2 47. Re7+ Nxe7 48. Bxf4 $18) 47. Re1 c2 {[%emt 0:01:20] ( -> ...Qf3+)} 48. a4 Nh4 49. Re7+ Kg8 {[%emt 0:00:07] An entertaining game by Mikhalevski.   Weighted Error Value: White=0.88/Black=0.10 (very precise)} 0-1

[Event "Israeli Team-ch 2023"]
[Site "Petah Tikva"]
[Date "2023.02.10"]
[Round "7.22"]
[White "Kobo, Ori"]
[Black "Karp, Ilya"]
[Result "1-0"]
[ECO "B23"]
[WhiteElo "2546"]
[BlackElo "2392"]
[Annotator "TA"]
[PlyCount "81"]
[EventDate "2023.01.13"]
[EventCountry "ISR"]
[SourceTitle "playchess.com"]
[Source "ChessBase"]
[SourceQuality "1"]
[TimeControl "40/5400+30:1800+30"]

1. e4 c5 2. Nc3 Nc6 3. Bb5 Nd4 4. Nf3 g6 5. Bc4 Bg7 6. Nxd4 cxd4 7. Qf3 Nh6 8. Ne2 O-O 9. d3 Ng4 {[%emt 0:01:10] B23: Closed Sicilian: Lines without g3.} 10. Bb3 (10. Qxg4 d5 11. Qf3 dxc4 $15) 10... d6 11. Qg3 a5 {[%emt 0:08:50] White has an edge.} 12. a4 b5 {[%emt 0:00:19] [#]} 13. axb5 $146 ({Predecessor:} 13. h4 bxa4 14. Bd5 Ra7 15. h5 e6 16. Bc6 Qb6 17. Bxa4 Nf6 18. h6 Bh8 19. O-O {1-0 Lapinski,K (2175)-Szczukiewicz,A (2102) Kochan Memorial op-A 18th 2007 (4)}) 13... Qb6 14. h4 (14. h3 $16 Nf6 15. c4) 14... Qxb5 $11 {[%emt 0:16:01] [#]} 15. h5 $1 {[%emt 0:02:57] Threatens to win with hxg6.} g5 (15... gxh5 $2 16. Nf4 $18) 16. Bd5 (16. O-O {simplifies} Qc5 17. h6 Bxh6 18. Ra4) 16... Qb4+ (16... Be5 $5 17. f4 gxf4 18. Bxf4 Qb4+ 19. Kd1 Bxf4 20. Nxf4 Qxb2 $14) 17. Bd2 Qxb2 18. O-O Ra7 (18... Be5 $1 $11 19. f4 gxf4 20. Bxf4 Rb8) 19. Bb3 (19. Bxg5 $16 h6 20. Bd2) 19... Rb7 (19... Be5 $14 20. f4 gxf4 21. Nxf4 Rb7) 20. Ra2 (20. Bxg5 $6 Rxb3 21. cxb3 f6 $16) (20. Rfb1 $18 Rxb3 21. Rxb2 Rxb2 22. Bxg5 (22. Rxa5 Be5 $11)) 20... Be5 $16 {[%emt 0:08:17] White must now prevent ...Qxa2.} (20... Rxb3 $2 21. Rxb2 Rxb2 22. Bxg5 Rxc2 23. Re1 $18) 21. f4 ({White should play} 21. Rxb2 $16 Bxg3 22. Nxg3 (22. fxg3 a4 $14)) 21... gxf4 $11 22. Qe1 (22. Bxf4 Rxb3 23. Rxb2 Rxb2 $17) (22. Qh4 $5 Bf6 23. Qe1 (23. Rxb2 $2 Bxh4 24. Ra2 e5 $19) (23. Qxf6 Nxf6 24. Rxb2 a4 $11) 23... Rxb3 24. Rxb2 Rxb2 25. Qc1 $11) 22... Rxb3 23. Rxb2 Rxb2 24. Qc1 $36 {[%emt 0:00:14][%mdl 2048] White is pushing.} Rb5 25. Bxf4 f6 (25... Bf6 $11) 26. Qa1 Kf7 27. Nxd4 Bxd4+ 28. Qxd4 {[%emt 0:00:05] Strongly threatening Qc4+.} Rxh5 {[%emt 0:00:01] [#]} (28... Be6 $16 {keeps fighting.} 29. c4 Rxh5) 29. Qa7 $1 $18 Rd8 {[%emt 0:02:10] [#]} (29... Rb5 $142 30. c4 (30. Bxd6 Rb7 $11) 30... Rb2 31. Qxa5 (31. Bxd6 Rb7 $15) 31... Rg8) 30. Rb1 ({Much less strong is} 30. Qc7 $6 Ke8 31. d4 Bd7 $18) (30. d4 $1 $18 {and the rest is easy.}) 30... Rd7 $16 31. Qb8 {[%emt 0:02:31][%mdl 1024] White has strong compensation. Dancing on a razor blade.} Rc5 32. d4 (32. c4 $16) 32... Rc4 $14 33. Qb5 d5 (33... Rdc7 $1 $14) 34. Rd1 ({Inferior is} 34. Qxa5 Rxd4 35. Bg3 e5 $11) (34. exd5 $2 Rb7 35. Qxb7 Bxb7 36. Rxb7 Rxd4 $19) 34... Rxc2 $2 (34... e6 35. Qxa5 Kg6) 35. Qd3 $18 Rb2 (35... Rdc7 $142 36. exd5 f5 37. Bxc7 Rxc7) 36. Qh3 Rd8 37. Qxh7+ Ke6 38. Qf5+ $2 (38. Re1 {mates} Ne5 39. dxe5 d4 40. exf6 exf6 41. Qc7 {[%mdl 64] Deflection} Rd7 42. Qxc8 d3 43. Qc6+ Ke7 44. e5) 38... Kf7 $16 39. Qh7+ (39. Qh5+ $16 Kg7 40. e5 (40. exd5 $2 {loses.} Rh8 $19)) 39... Ke6 40. Re1 {[%emt 0:01:55] Dodges Re2} Kd7 41. exd5 {[%emt 0:03:31] Artfully played by Kobo.   Weighted Error Value: White=0.40/Black=0.60} 1-0

[Event "Israeli Team-ch 2023"]
[Site "Petah Tikva"]
[Date "2023.02.10"]
[Round "7.23"]
[White "Ben Ari, Yannay"]
[Black "Postny, Evgeny"]
[Result "0-1"]
[ECO "C55"]
[WhiteElo "2406"]
[BlackElo "2556"]
[Annotator "TA"]
[PlyCount "76"]
[EventDate "2023.01.13"]
[EventCountry "ISR"]
[SourceTitle "playchess.com"]
[Source "ChessBase"]
[SourceQuality "1"]
[TimeControl "40/5400+30:1800+30"]

1. e4 e5 2. Nf3 Nc6 3. Bc4 Nf6 4. d3 Be7 5. O-O d6 6. c3 O-O 7. Bb3 Na5 8. Bc2 c5 9. Nbd2 Nc6 10. Re1 Re8 11. Nf1 {[%emt 0:02:07] C55: Two Knights: 4 d3, 4 d4 exd4 5 e5 and Max Lange Attack.} Bf8 12. Ng3 g6 13. h3 {[%emt 0:01:37] The position is equal.} Bg7 14. Be3 Bd7 15. Qd2 Rc8 16. Rad1 Qc7 {[%emt 0:04:03][%cal Oc6d4] [#]} 17. Rc1 $146 (17. Bh6 {with more complications.} b5 18. Bb3 a5 19. a4) ({Predecessor:} 17. Bb1 a5 18. a3 a4 19. Bh6 b5 20. Nf5 Bxf5 21. exf5 d5 22. d4 cxd4 23. cxd4 {0-1 Schmidt,M (2015)-Busemann,S (1998) Saarland-ch MA 85th 2010 (4)}) 17... Rcd8 18. b4 b6 19. a3 d5 20. Bg5 {[%emt 0:06:34] aiming for Bxf6.} Be6 21. Qe3 d4 22. cxd4 cxd4 23. Qd2 {[%emt 0:00:06] [#] And now Ba4 would win.} Qd6 24. Ba4 Bd7 25. Bb3 Rc8 26. Qa2 Nd8 27. Rxc8 Bxc8 28. Rc1 Ne6 {[%emt 0:01:42] [#]} (28... Bd7 {simplifies} 29. Bd2 h6 30. Bc4 Ne6) 29. Nf5 $1 gxf5 30. exf5 e4 31. fxe6 Bxe6 32. Bxe6 fxe6 33. Nd2 ({Better is} 33. Bxf6 $14 exf3 34. Bxg7 Kxg7 35. gxf3) 33... Qd5 $36 {[%emt 0:02:08][%mdl 2048] Black has good play.} 34. Qxd5 exd5 35. Bxf6 Bxf6 36. dxe4 (36. Re1 $11) 36... dxe4 37. Re1 e3 38. Nf3 (38. fxe3 $17 Bh4 39. g3 Bxg3 40. Re2) 38... e2 {[%emt 0:00:30] Weighted Error Value: White=0.38/Black=0.11 (very precise)} 0-1

[Event "Israeli Team-ch 2023"]
[Site "Petah Tikva"]
[Date "2023.02.10"]
[Round "7.24"]
[White "Huzman, Alexander"]
[Black "Mordechai, Hanan"]
[Result "1/2-1/2"]
[ECO "D46"]
[WhiteElo "2526"]
[BlackElo "2353"]
[Annotator "TA"]
[PlyCount "105"]
[EventDate "2023.01.13"]
[EventCountry "ISR"]
[SourceTitle "playchess.com"]
[Source "ChessBase"]
[SourceQuality "1"]
[TimeControl "40/5400+30:1800+30"]

1. Nf3 Nf6 2. c4 c6 3. Nc3 d5 4. e3 e6 5. b3 Nbd7 6. Bb2 Bd6 7. d4 O-O 8. Bd3 Re8 {[%emt 0:02:06] D46: Semi-Slav: 5 e3 Nbd7 6 Bd3, Black avoids the Meran.} 9. Qc2 dxc4 (9... e5 $11 {is more appropriate.} 10. Be2 e4) 10. Bxc4 b5 11. Bd3 Bb7 12. O-O a6 13. Ng5 h6 (13... Bxh2+ {with more complications.} 14. Kh1 g6 15. Nxf7 Kxf7 16. Kxh2 c5) 14. Nge4 {[%emt 0:00:24] [#]} Bf8 $146 ({Predecessor:} 14... Be7 15. a3 c5 16. dxc5 Nxc5 17. Nxc5 Bxc5 18. Ne4 Be7 19. Nxf6+ Bxf6 20. Bh7+ Kh8 {½-½ Benitez Lozano,J (2340)-Medina Diaz,R (2299) Mexico City Fenamac-A 3rd 2021 (3)}) 15. Nxf6+ Nxf6 16. Rfd1 Qb6 17. a4 Rac8 18. Qe2 Bd6 19. h3 e5 20. Ne4 Nxe4 21. Bxe4 c5 $1 22. dxc5 Bxc5 23. Bf5 Rb8 24. axb5 axb5 25. Rac1 (25. Qg4 {keeps more tension.} b4 26. Qg3 Bd6 27. Rd2) 25... b4 26. Qg4 Bf8 27. Be4 (27. Qg3 $5 Rbd8 28. Bxe5 Rxd1+ 29. Rxd1 $14) 27... Bxe4 {[%emt 0:03:24] The position is equal.} 28. Qxe4 Rbd8 29. Qc4 (29. Bxe5 $2 {is the wrong capture.} Rxd1+ 30. Rxd1 Qe6 $19) 29... Rxd1+ 30. Rxd1 Qe6 31. Qxe6 Rxe6 $11 {[%emt 0:00:01][%mdl 4096] Endgame KRB-KRB} 32. Kf1 f6 33. Ke2 Kf7 34. Rd7+ Be7 35. Rc7 Ra6 36. Kd3 Ke6 37. g4 Rd6+ 38. Kc2 h5 39. gxh5 Rd8 40. f4 exf4 41. exf4 Rd5 42. Bc1 Rxh5 43. Bd2 g6 (43... Rxh3 44. f5+ Kxf5 45. Rxe7 $18) 44. Rc4 Kf5 45. Rc7 $1 Ke6 46. Rc4 Rxh3 47. Re4+ Kf7 48. Bxb4 Bxb4 49. Rxb4 Ke6 50. Rd4 g5 51. fxg5 fxg5 52. b4 Rh4 53. Kd3 {[%emt 0:00:00] Weighted Error Value: White=0.04 (flawless) /Black=0.03 (flawless)} 1/2-1/2

[Event "Israeli Team-ch 2023"]
[Site "Petah Tikva"]
[Date "2023.02.10"]
[Round "7.25"]
[White "Gorshtein, Ido"]
[Black "Sutovsky, Emil"]
[Result "1/2-1/2"]
[ECO "A36"]
[WhiteElo "2498"]
[BlackElo "2615"]
[Annotator "TA"]
[PlyCount "100"]
[EventDate "2023.01.13"]
[EventCountry "ISR"]
[SourceTitle "playchess.com"]
[Source "ChessBase"]
[SourceQuality "1"]
[TimeControl "40/5400+30:1800+30"]

1. c4 g6 2. Nc3 c5 3. g3 Bg7 4. Bg2 Nc6 5. b3 d6 6. Bb2 {[%emt 0:00:13] A36: Symmetrical English vs ...g6: 4 Bg2 Bg7.} e5 7. e3 Nge7 8. Nge2 Be6 9. Nd5 Bxd5 {[%emt 0:00:46][%mdl 64] Remove Defender} 10. cxd5 Nb4 11. O-O Nbxd5 12. d4 exd4 13. exd4 {[%emt 0:00:13] [#]} Qa5 $146 {[%emt 0:04:12] Wards off Qd2} ({Predecessor:} 13... O-O 14. Qd2 Qc8 15. Rac1 b6 16. dxc5 Bxb2 17. Qxb2 dxc5 18. Nc3 Nxc3 19. Bxa8 Nxa2 {1-0 Kopasz,R (2316)-Perisic,R (2228) Vojvodina-chT 2nd League 2020 (5.2)}) 14. Rb1 O-O-O 15. dxc5 Bxb2 16. cxd6 Rxd6 {[%emt 0:02:13] aiming for ...Be5.} 17. Rxb2 Rhd8 {[%emt 0:01:43] [#]} 18. b4 $1 Qa3 19. Qb3 Qxb3 20. Rxb3 Rc6 21. Rd1 {[%emt 0:06:30] Threatens to win with Rbd3.} Rc2 22. Bf3 Rxa2 (22... Nc7 $11 23. Rxd8+ Kxd8) 23. Rbd3 $1 $14 {[%emt 0:14:00] And now Nf4 would win.} Rd7 $1 24. Kf1 $1 ({Much weaker is} 24. Bxd5 Rxd5 25. Nf4 Rxd3 26. Nxd3 Nd5 $17) 24... Nb6 25. Rxd7 Nxd7 {[%emt 0:00:02] [#]} 26. Bxb7+ $1 {[%emt 0:00:10][%mdl 64] Decoy} Kd8 (26... Kc7 27. Nc3) 27. Nc3 (27. Nd4 $5 Kc7 28. Nb5+ Kd8 29. Bg2 $14) 27... Rc2 28. Nb5 Rc4 29. Rb1 (29. Nxa7 $2 {perishes.} Rc7 30. Ba6 Rxa7 $19) 29... f5 30. Rb2 (30. Nxa7 $2 {loses.} Rc7 31. Bg2 Rxa7 $19) 30... g5 31. Bf3 (31. Nxa7 $2 Rc7 32. Nb5 Rxb7 $19) 31... a6 32. Nd6 Rc1+ 33. Kg2 {[%emt 0:00:50] Strongly threatening Nf7+.} Ne5 {[%emt 0:00:07] Against Nf7+. White must now prevent ...Nd3.} 34. Nb7+ (34. Be2 $5 ) 34... Kc7 35. Nc5 Nxf3 36. Kxf3 $11 {[%emt 0:00:16][%mdl 4096] Endgame KRN-KRN} Rc3+ 37. Ke2 a5 38. Ne6+ Kd6 39. Nd4 {[%emt 0:01:10] Nb5+ would be deadly.} Rc4 $1 40. Nb5+ Kc6 (40... Ke5 $5 ) 41. bxa5 Ra4 42. Na7+ Kc7 43. Rc2+ Kd7 {[%emt 0:02:08] The position is equal.} 44. Rc5 Kd6 45. Rb5 Ra2+ 46. Kf1 Nd5 {[%emt 0:00:53] Wards off Rb6+} 47. Nc8+ Kc6 48. Na7+ Kd6 49. Nc8+ Kc6 50. Na7+ Kd6 {[%emt 0:00:09] Weighted Error Value: White=0.07 (flawless) /Black=0.07 (flawless)} 1/2-1/2

[Event "Israeli Team-ch 2023"]
[Site "Petah Tikva"]
[Date "2023.02.10"]
[Round "7.26"]
[White "Smirin, Ilia"]
[Black "Boruchovsky, Avital"]
[Result "1-0"]
[ECO "B58"]
[WhiteElo "2596"]
[BlackElo "2553"]
[Annotator "TA"]
[PlyCount "93"]
[EventDate "2023.01.13"]
[EventCountry "ISR"]
[SourceTitle "playchess.com"]
[Source "ChessBase"]
[SourceQuality "1"]
[TimeControl "40/5400+30:1800+30"]

1. Nf3 {[%emt 0:14:52] Wells,Peter K} c5 2. e4 d6 3. d4 cxd4 4. Nxd4 Nf6 5. Nc3 Nc6 6. Be2 e5 7. Nf3 h6 8. O-O Be7 9. Re1 O-O 10. h3 a6 11. Bf1 Qc7 12. Nh2 {[%emt 0:01:50] B58: Classical Sicilian: 6 Be2.} b5 13. Ng4 Nxg4 14. hxg4 {[%emt 0:07:27] [#] White is slightly better.} Qd7 $146 ({Predecessor:} 14... Be6 15. Nd5 Qb7 16. Be3 Bg5 17. g3 Rfd8 18. Bxg5 hxg5 19. Qd2 Rac8 20. c3 f6 {0-1 Baramidze,D (2242)-Meins,G (2426) GER-ch 72nd Heringsdorf 2000 (8)}) 15. a4 bxa4 16. Nd5 {[%emt 0:07:49] Threatens to win with Nb6.} Bd8 {[%emt 0:00:24] Wards off Nb6} 17. Rxa4 Ne7 (17... Qxg4 $11 18. Qxg4 Bxg4) 18. Nc3 $1 $16 {[%emt 0:05:22] White has more active pieces. The black rooks are badly placed.} Nc6 19. Be3 Rb8 20. Bxa6 Ba5 (20... Bxa6 $11 {remains equal.} 21. Rxa6 Rxb2) 21. Be2 ({Of course not} 21. Bxc8 Rfxc8 22. Qa1 Bxc3 23. bxc3 Qxg4 $11) ({White should play} 21. Bf1 $16) 21... Bxc3 $11 ({Much less strong is} 21... Rxb2 22. Rxa5 Nxa5 23. Qa1 $16) 22. bxc3 Nd4 $1 23. Rxd4 exd4 24. cxd4 Re8 25. f3 d5 26. e5 (26. Bd3 $14 {should be considered.}) 26... Qa4 27. f4 Rb2 28. Bf3 Qc4 29. f5 Bb7 (29... h5 $11 {keeps the balance.}) 30. g5 $16 hxg5 (30... Rxc2 $2 31. gxh6 Ra8 32. hxg7 $18) 31. Bxg5 ({White should try} 31. e6 $16 f6 32. Bh5) 31... Bc6 (31... Rxc2 $2 32. Bh5 Qa2 33. Qg4 $18) (31... Qxc2 $11 {and Black has nothing to worry.} 32. Qxc2 Rxc2) 32. e6 $18 f6 {[%emt 0:01:03] [#]} 33. Bxf6 gxf6 $11 34. Bh5 {[%emt 0:00:01] Hoping for Qg4+.} Qxc2 35. Qg4+ Kh8 $2 (35... Kf8 $11 36. Bxe8 Qf2+ 37. Kh2 Qxe1 38. Bxc6 Rb1 39. Bxd5 Qg1+ 40. Kg3 (40. Kh3 Qh1+ 41. Kg3 Qe1+ 42. Kh3 Qh1+ 43. Kg3 Qe1+ 44. Kh3 Qh1+ $11) 40... Qe1+ 41. Kh3 Qh1+ 42. Kg3 Qe1+ 43. Kh3 Qh1+ 44. Kg3 Qe1+) 36. Bg6 $18 {[%emt 0:02:13] Threatening mate with Qh3+.} Qf2+ 37. Kh2 {[%emt 0:00:04] Intending Qh5+ and mate.} Qxg2+ 38. Qxg2 Rxg2+ 39. Kxg2 {[%emt 0:00:08][%mdl 4096] Endgame KRB-KRB} Re7 40. Kf3 Kg7 41. Rc1 Ba4 42. Rh1 Bc2 43. Kf4 Kg8 44. Rc1 Be4 45. Rc8+ Kg7 46. Rd8 Kh6 47. Bf7 {[%emt 0:00:00] An entertaining game by Smirin.   Weighted Error Value: White=0.22 (precise) /Black=0.52} (47. Rd7 $142 Rg7 48. Rxg7 Bxf5 49. Kxf5 Kxg7 50. e7 Kh6 51. e8=Q Kg7 52. Qf7+ Kh8 53. Qh7#) 1-0

[Event "Israeli Team-ch 2023"]
[Site "Petah Tikva"]
[Date "2023.02.10"]
[Round "7.27"]
[White "Rozen, Eytan"]
[Black "Alekseev, Evgeny"]
[Result "1/2-1/2"]
[ECO "D02"]
[WhiteElo "2440"]
[BlackElo "2575"]
[Annotator "TA"]
[PlyCount "189"]
[EventDate "2023.01.13"]
[EventCountry "ISR"]
[SourceTitle "playchess.com"]
[Source "ChessBase"]
[SourceQuality "1"]
[TimeControl "40/5400+30:1800+30"]

1. d4 Nf6 2. Bf4 e6 3. e3 d5 4. Nd2 c5 5. c3 Nc6 6. Ngf3 cxd4 7. exd4 Nh5 8. Be3 Bd6 9. Ne5 g6 10. g4 Ng7 11. h4 f6 12. Nxc6 bxc6 13. h5 gxh5 14. Bd3 e5 15. gxh5 Nf5 (15... e4 $5 16. Nxe4 dxe4 17. Bxe4 Rb8 $15) 16. Qf3 Nxe3 17. fxe3 e4 18. Nxe4 $1 dxe4 19. Bxe4 O-O 20. O-O-O (20. Bxc6 $5 Rb8 $8 21. Bd5+ Kh8 22. O-O-O $11) 20... Kh8 21. Rdg1 (21. Bxc6 $11 {remains equal.} Rb8 22. Bd5) 21... Rb8 22. Bxh7 $2 (22. Bc2 $17) 22... Rb5 $2 (22... Kxh7 $19 23. h6 Rb5 24. Rg7+ Kh8 25. Qxc6 Qe8 26. Qxe8 (26. Qxd6 Qxe3+ 27. Kd1 Qf3+ 28. Ke1 Qxh1+ 29. Ke2 Rxb2+ 30. Kd3 Bf5+ 31. Kc4 Qf1+ 32. Kd5 Qb5+ 33. Qc5 Rd8+) 26... Rxe8) 23. Bd3 (23. Qxc6 a6 24. a4 (24. Qg2 $2 Rg5 $19) 24... Bb7 $17) (23. Qg2 $2 Rg5 24. Qc2 Rxg1+ 25. Rxg1 Qe7 $19) (23. Be4 $11) 23... Rg5 $1 $15 24. Qxc6 (24. Kb1 $15) 24... Qe7 $1 $17 25. Qe4 Qxe4 $1 26. Bxe4 Re8 27. Bg6 (27. Rxg5 $2 fxg5 28. Bd5 Rxe3 $19) ({White should try} 27. Bc2) 27... Rxe3 $17 28. Re1 Rgg3 29. Rhf1 Kg7 ({Better is} 29... Rxe1+ $1 $17 30. Rxe1 Bd7) 30. Rxe3 $15 Rxe3 31. Bf5 Ba6 32. h6+ Kxh6 33. Bd3 $1 Bxd3 34. Rxf6+ Kg5 35. Rxd6 Re2 36. Rd7 a6 37. d5 Rc2+ 38. Kd1 Rxb2 39. d6 (39. Re7 $17) 39... Kf6 $19 ({Don't do} 39... Rxa2 40. Rg7+ Kf6 41. d7 Kxg7 42. d8=Q (42. d8=R $2 {too greedy.} Bc4 $19) 42... Bc2+ 43. Ke1 Ra1+ 44. Ke2 $18) 40. Rc7 Rb6 ({Not} 40... Rxa2 41. c4) (40... Ke6 $1 $19 41. d7 Ke7) 41. c4 $17 Rxd6 42. c5 (42. Kc1 $17) 42... Re6 $1 $19 43. Rd7 {[%emt 0:00:30] [#]} Be2+ $1 44. Kd2 Re4 45. c6 {[%emt 0:12:47] [#]} Bg4 $2 (45... Bb5 $1 $19 {[%cal Of6e6] Strongly threatening ...Ke6!} 46. Rh7 Rc4) 46. Ra7 $11 Bc8 47. Kc3 Ra4 48. Kb3 Ra5 (48... Rf4 $5 49. Ra8 $8 Be6+ 50. Ka3 Ke5 $11) 49. Ra8 Be6+ 50. Kb4 Rxa2 51. c7 Rc2 52. Rxa6 Rc4+ 53. Kb5 Rxc7 54. Ra1 Ke5 55. Rh1 Bd5 56. Rh5+ Kd4 57. Rh4+ Be4 58. Kb4 Rb7+ 59. Ka4 Rb8 60. Rg4 Kd5 61. Ka3 Bd3 62. Rb4 Rh8 63. Kb2 (63. Kb3 $11) 63... Bc4 $1 $15 64. Rb7 Kd4 ({Black should play} 64... Rh2+ $15 65. Kc3 Rh3+ 66. Kd2 Kd4) 65. Rd7+ $11 Bd5 66. Kc2 (66. Rg7 $1 $11) 66... Rh2+ $15 67. Kd1 Ke4 (67... Kc4 $15) 68. Kc1 $1 $11 Bc4 69. Rd2 Rh3 70. Rd8 Ke3 71. Kc2 Rh6 72. Kc3 Rc6 73. Rh8 Bd3+ 74. Kb4 Be4 75. Rh3+ Kd4 76. Rh4 Rb6+ 77. Ka4 Rg6 78. Kb4 Ra6 79. Kb5 Ra1 80. Kb4 Rc1 81. Kb5 Rb1+ 82. Ka4 Kd5 83. Ka3 Rb7 84. Rg4 Rb8 85. Rh4 Bd3 86. Rb4 Ra8+ 87. Kb3 Rc8 88. Rh4 Ra8 89. Rh5+ Kd4 90. Rh4+ Ke3 91. Rh3+ Kd2 92. Kb4 Rc8 93. Rh2+ Be2 94. Rh4 Kd3 95. Rh3+ 1/2-1/2

[Event "Israeli Team-ch 2023"]
[Site "Petah Tikva"]
[Date "2023.02.10"]
[Round "7.30"]
[White "Golod, Vitali"]
[Black "Mindlin, Alon"]
[Result "1/2-1/2"]
[ECO "E35"]
[WhiteElo "2501"]
[BlackElo "2432"]
[Annotator "TA"]
[PlyCount "37"]
[EventDate "2023.01.13"]
[EventCountry "ISR"]
[SourceTitle "playchess.com"]
[Source "ChessBase"]
[SourceQuality "1"]
[TimeControl "40/5400+30:1800+30"]

1. d4 Nf6 2. c4 e6 3. Nc3 Bb4 4. Qc2 d5 5. cxd5 exd5 6. Bg5 h6 7. Bh4 $1 {[%emt 0:01:54] The main line 7.Bh4 scores better than 7.Bxf6.} Nc6 {[%emt 0:08:47] E35: Nimzo-Indian: Classical: 4...d5 5 cxd5 exd5.} 8. e3 g5 9. Bg3 h5 10. Bb5 h4 11. Be5 Rh6 12. h3 Ne4 {[%emt 0:19:30] [#]} (12... Bd7 $5 ) 13. f3 $146 ({Predecessor:} 13. Nge2 Bf5 14. Qb3 Bxc3+ 15. Nxc3 Nxc3 16. bxc3 Qd7 17. Bh2 O-O-O 18. Qa4 Rg8 19. f3 {0-1 Sjugirov,S (2663)-Yu,Y (2764) Wch Rapid St Petersburg 2018 (9)}) 13... Nd6 14. Bd3 Re6 ({Black should play} 14... Qe7 $11) 15. Nge2 {[%emt 0:01:01] f4 would be deadly.} (15. f4 $5) 15... f6 {[%emt 0:04:02] Dodges f4} ({Don't do} 15... Nxe5 16. dxe5 Bxc3+ 17. Qxc3 $16) (15... Ba5 $11 {keeps the balance.}) 16. Bxd6 Qxd6 17. a3 (17. Bg6+ $16 Kf8 18. O-O Rxe3 19. f4) 17... Bxc3+ $1 $11 18. Qxc3 Bd7 19. e4 {[%emt 0:09:36] Weighted Error Value: White=0.21 (precise) /Black=0.20 (precise)} (19. Bg6+ $11 Kf8 20. O-O) 1/2-1/2